[Event "Titled Tuesday Blitz January 03 Early 2023"]
[White "Suleymanli, Suleyman"]
[Black "Molina, Roberto Junio Brito"]
[WhiteFideId "13416375"]
[BlackFideId "2109450"]
[WhiteElo "2269"]
[BlackElo "2403"]
[Result "1-0"]
[Round "04"]
[TimeControl "180+2"]
[Date "2023.01.03"]
[WhiteClock "0:00:21"]
[BlackClock "0:00:30"]

1. Nf3 d5 2. g3 Nf6 3. Bg2 c6 4. O-O Bg4 5. h3 Bh5 6. d4 e6 7. c4 Nbd7 8. cxd5 exd5 9. Qb3 Qb6 10. Qe3+ Be7 11. Nc3 Nf8 12. Nh4 Bg6 13. f4 Be4 14. Nxe4 dxe4 15. Bxe4 Ne6 16. Nf5 Bf8 17. Rd1 O-O-O 18. a4 g6 19. a5 Qc7 20. Nh4 a6 21. Bg2 Bc5 22. Nf3 Rhe8 23. Qc3 Nd5 24. Qb3 Bb4 25. e4 Nc5 26. dxc5 Bxc5+ 27. Kh2 Rxe4 28. Bd2 Re2 29. Re1 Rde8 30. Rxe2 Rxe2 31. Re1 Qe7 32. Qd3 Rxe1 33. Bxe1 Bb4 34. Bxb4 Qxb4 35. Qd2 Qb3 36. Nd4 Qc4 37. Bxd5 Qxd5 38. Qe3 Kd7 39. Nb3 Kd6 40. Qe5+ Qxe5 41. fxe5+ Kd5 42. Kg2 c5 43. Kf3 c4 44. Nd2 Kxe5 45. Nxc4+ Kd5 46. b3 f6 47. Ke3 Kc5 48. Kd3 Kd5 49. b4 h5 50. Nb6+ Kc6 51. Kc4 Kd6 52. Na4 g5 53. Kd4 Kc6 54. Nc3 Kd6 55. Ne4+ 1-0


[Site "https://www.chess.com"]

[Event "Titled Tuesday Blitz January 03 Early 2023"]
[White "Naroditsky, Daniel"]
[Black "Krivonosov, Oleg"]
[WhiteFideId "2026961"]
[BlackFideId "11600349"]
[WhiteElo "2618"]
[BlackElo "2359"]
[Result "1-0"]
[Round "04"]
[TimeControl "180+2"]
[Date "2023.01.03"]
[WhiteClock "0:00:09"]
[BlackClock "0:00:01"]

1. e4 e5 2. Nf3 Nc6 3. Bb5 Nf6 4. O-O Nxe4 5. d4 Nd6 6. Ba4 e4 7. Ne5 Be7 8. Nc3 O-O 9. Re1 a6 10. Bf4 b5 11. Bb3 Na5 12. Bd5 c6 13. Bxe4 Nxe4 14. Nxe4 d6 15. Nd3 d5 16. Nec5 Bf5 17. b3 Bxd3 18. Nxd3 Bd6 19. Qg4 Bxf4 20. Nxf4 Qc8 21. Qg3 Qf5 22. Re5 Qxc2 23. Nh5 g6 24. Nf6+ Kg7 25. Rh5 Qe2 26. Qg5 Rh8 27. Ng4 Qe6 28. Qh6+ Kg8 29. Rh4 Re8 30. h3 Nb7 31. Qf4 Kg7 32. Qh6+ Kg8 33. Ne5 Nd6 34. Qd2 f6 35. Nd3 Nf5 36. Rf4 Qe2 37. Qc3 Qe6 38. Rc1 Ne7 39. Re1 Qd6 40. Rf3 Kg7 41. Rfe3 Kf7 42. Qa5 1-0


[Site "https://www.chess.com"]

[Event "Titled Tuesday Blitz January 03 Early 2023"]
[White "Borges Feria, Yasel"]
[Black "Dominguez Perez, Leinier"]
[WhiteFideId "3504921"]
[BlackFideId "3503240"]
[WhiteElo "2439"]
[BlackElo "2739"]
[Result "0-1"]
[Round "04"]
[TimeControl "180+2"]
[Date "2023.01.03"]
[WhiteClock "0:00:10"]
[BlackClock "0:00:04"]

1. e4 c5 2. Nf3 d6 3. d4 cxd4 4. Nxd4 Nf6 5. Nc3 a6 6. Be3 e5 7. Nb3 Be6 8. Qd2 Nbd7 9. O-O-O b5 10. f4 Be7 11. Kb1 O-O 12. f5 Bc4 13. g4 Nxg4 14. Rg1 Nxe3 15. Qxe3 Bxb3 16. axb3 Kh8 17. Nd5 Nf6 18. Nxf6 Bxf6 19. Rd5 Rc8 20. Qd3 Qb6 21. Rg2 Rc6 22. b4 Qc7 23. c3 Ra8 24. Rd2 Be7 25. f6 Bxf6 26. Rxd6 Rxd6 27. Qxd6 Qxd6 28. Rxd6 Ra7 29. c4 bxc4 30. Bxc4 Be7 31. Rxa6 Rxa6 32. Bxa6 Bxb4 33. Kc2 Kg8 34. Kb3 Bc5 35. Kc4 Bg1 36. h3 Kf8 37. Kd5 Bd4 38. b4 Ke7 39. Kc6 g6 40. Bc8 Kf6 41. b5 Kg5 42. b6 Kf4 43. b7 Ba7 44. Kd5 f5 45. Be6 fxe4 46. Kc4 e3 47. Kd3 Kf3 48. Bg4+ Kf2 49. Bd1 g5 50. Bh5 h6 51. Bg4 Bb8 52. Bh5 Ba7 53. Bg4 Kf1 54. Bh5 Kg2 55. Bg4 Kf2 56. Bh5 Kg3 57. Bg4 h5 58. Bxh5 Kxh3 59. Ke2 g4 60. Bf7 g3 61. Bd5 Kh2 62. Kf1 e2+ 63. Kxe2 g2 64. Bxg2 Kxg2 65. Kd3 Kf3 66. Kc4 Bb8 67. Kd5 e4 68. Kc6 e3 69. Kd7 e2 70. Kc8 Be5 71. Kd7 e1=Q 72. b8=Q Bxb8 0-1


[Site "https://www.chess.com"]

[Event "Titled Tuesday Blitz January 03 Early 2023"]
[White "Kamsky, Gata"]
[Black "Kaasen, Tor Fredrik"]
[WhiteFideId "2000024"]
[BlackFideId "1516647"]
[WhiteElo "2665"]
[BlackElo "2480"]
[Result "1-0"]
[Round "04"]
[TimeControl "180+2"]
[Date "2023.01.03"]
[WhiteClock "0:00:22"]
[BlackClock "0:00:03"]

1. d4 Nf6 2. Bf4 g6 3. c3 Bg7 4. Nf3 O-O 5. Nbd2 d6 6. e4 c5 7. dxc5 dxc5 8. h3 Nc6 9. Be2 b6 10. O-O Bb7 11. Re1 e5 12. Bg5 h6 13. Bxf6 Qxf6 14. Nc4 Rfd8 15. Qb3 Qe6 16. a4 Rab8 17. a5 bxa5 18. Qb5 Bf8 19. Bf1 Ba8 20. Qa4 Kg7 21. Nfd2 Rd7 22. Nb3 Rdb7 23. Nbxa5 Nxa5 24. Qxa5 Be7 25. Qa6 Qxa6 26. Rxa6 f6 27. Rea1 Rc7 28. Rxa7 Rxa7 29. Rxa7 Kf8 30. f3 Bc6 31. Ra2 Bb5 32. Ne3 Be8 33. Bc4 Bd7 34. g4 Bd8 35. Kf2 f5 36. exf5 gxf5 37. Nxf5 Bxf5 38. gxf5 Rb6 39. Ke3 Ke7 40. Ke4 Bc7 41. b3 Kd8 42. Rg2 Bd6 43. Rg6 Ke7 44. Re6+ Kd7 45. Rxh6 Rb8 46. f6 Rf8 47. f7 Ke7 48. Kf5 Bc7 49. Rc6 Kd7 50. Rxc5 Bd6 51. Ra5 1-0


[Site "https://www.chess.com"]

[Event "Titled Tuesday Blitz January 03 Early 2023"]
[White "Makarian, Rudik"]
[Black "Ordekalog"]
[WhiteFideId "44105681"]
[WhiteElo "2545"]
[BlackElo "2701"]
[Result "1-0"]
[Round "04"]
[TimeControl "180+2"]
[Date "2023.01.03"]
[WhiteClock "0:00:35"]
[BlackClock "0:00:31"]

1. d4 d5 2. c4 e6 3. Nf3 c5 4. cxd5 exd5 5. Nc3 Nc6 6. g3 Nf6 7. Bg2 Be7 8. O-O O-O 9. dxc5 Bxc5 10. b3 Re8 11. Bb2 a6 12. Rc1 Ba7 13. e3 Bg4 14. Ne2 Rc8 15. h3 Be6 16. Nf4 Ne4 17. a3 Qd7 18. Kh2 h6 19. Nh5 f6 20. Nf4 Bf7 21. b4 g5 22. Ne2 Bh5 23. Qb3 Rcd8 24. Rcd1 Kg7 25. Rd3 Qf5 26. Ned4 Nxd4 27. Nxd4 Qd7 28. Kg1 Bg6 29. Rdd1 h5 30. Ne2 Nxf2 31. Rxf2 Rxe3 32. Bxf6+ Kh6 33. Qb2 Rde8 34. Bd4 Bxd4 35. Nxd4 h4 36. gxh4 gxh4 37. Nf3 Be4 38. Qf6+ 1-0


[Site "https://www.chess.com"]

[Event "Titled Tuesday Blitz January 03 Early 2023"]
[White "Jones, Gawain C B"]
[Black "Goryachkina, Aleksandra"]
[WhiteFideId "409561"]
[BlackFideId "4147103"]
[WhiteElo "2618"]
[BlackElo "2571"]
[Result "1-0"]
[Round "04"]
[TimeControl "180+2"]
[Date "2023.01.03"]
[WhiteClock "0:01:04"]
[BlackClock "0:00:08"]

1. Nf3 d5 2. g3 g6 3. Bg2 Bg7 4. O-O Nf6 5. c4 c6 6. b3 Ne4 7. d4 O-O 8. Bb2 Bf5 9. Nbd2 a5 10. Nh4 Nxd2 11. Qxd2 Be6 12. Rac1 a4 13. Bc3 axb3 14. axb3 dxc4 15. bxc4 Bxc4 16. Rfe1 Nd7 17. e4 Ra2 18. Rc2 Qa8 19. Nf3 Rxc2 20. Qxc2 Qa2 21. Qc1 Ra8 22. h4 b5 23. h5 Qa4 24. h6 Bh8 25. d5 cxd5 26. Bxh8 Kxh8 27. exd5 Nf6 28. Ng5 Kg8 29. d6 Re8 30. Qc3 Be6 31. dxe7 1-0


[Site "https://www.chess.com"]

[Event "Titled Tuesday Blitz January 03 Early 2023"]
[White "Yeletsky, Ivan"]
[Black "Arabidze, Meri"]
[WhiteFideId "24180327"]
[BlackFideId "13604040"]
[WhiteElo "2494"]
[BlackElo "2441"]
[Result "1-0"]
[Round "04"]
[TimeControl "180+2"]
[Date "2023.01.03"]
[WhiteClock "0:00:31"]
[BlackClock "0:00:02"]

1. c3 g6 2. Nf3 Bg7 3. e4 b6 4. d4 Bb7 5. Bd3 e6 6. O-O Ne7 7. Re1 d6 8. Nbd2 h6 9. Nf1 Nd7 10. Ng3 a6 11. Be3 b5 12. a4 c6 13. Qd2 Qc7 14. b3 e5 15. h3 Kf8 16. axb5 cxb5 17. c4 bxc4 18. Bxc4 Nb6 19. Qa5 Nc6 20. Qd2 Nxc4 21. bxc4 exd4 22. Nxd4 Kg8 23. Rac1 Rd8 24. Nde2 Kh7 25. Nf4 Ne5 26. Nd5 Qd7 27. f4 Nc6 28. Rf1 Rhe8 29. Rf2 Rb8 30. f5 Ne5 31. Kh2 Bxd5 32. cxd5 Rb3 33. Qe2 Reb8 34. Rcf1 Rb2 35. Qxa6 Rxf2 36. Rxf2 Rb3 37. Bf4 Nd3 38. Rf3 Nxf4 39. Rxb3 Be5 40. Rb7 Qe8 41. fxg6+ Kxg6 42. Kh1 h5 43. Nf5 Kg5 44. Nxd6 1-0


[Site "https://www.chess.com"]

[Event "Titled Tuesday Blitz January 03 Early 2023"]
[White "Zhigalko, Sergei"]
[Black "Dragnev, Valentin"]
[WhiteFideId "13502956"]
[BlackFideId "1634852"]
[WhiteElo "2572"]
[BlackElo "2593"]
[Result "1-0"]
[Round "04"]
[TimeControl "180+2"]
[Date "2023.01.03"]
[WhiteClock "0:00:02"]
[BlackClock "0:00:01"]

1. e4 e5 2. Nf3 Nf6 3. d4 Nxe4 4. Bd3 d5 5. Nxe5 Nd7 6. Nxd7 Bxd7 7. O-O Bd6 8. Nc3 Nxc3 9. bxc3 O-O 10. Qh5 f5 11. Re1 c6 12. c4 Be8 13. Qh3 dxc4 14. Bxf5 h6 15. Be3 Qf6 16. Bg4 Bg6 17. c3 Ba3 18. Be6+ Kh7 19. Bxc4 Bb2 20. Rad1 Bxc3 21. Re2 Bb4 22. Rb2 a5 23. a3 Bxa3 24. Rxb7 Bf5 25. Qh5 Qg6 26. Qh4 Bd6 27. d5 c5 28. Be2 a4 29. Bh5 Qf6 30. Qc4 a3 31. Qa2 Qh4 32. Bg6+ 1-0


[Site "https://www.chess.com"]

[Event "Titled Tuesday Blitz January 03 Early 2023"]
[White "Oliveira, Silvio Eduardo"]
[Black "Klukin, Kirill"]
[WhiteFideId "2111560"]
[BlackFideId "24199273"]
[WhiteElo "2297"]
[BlackElo "2390"]
[Result "1-0"]
[Round "04"]
[TimeControl "180+2"]
[Date "2023.01.03"]
[WhiteClock "0:00:20"]
[BlackClock "0:00:04"]

1. e4 c5 2. Nf3 Nc6 3. d4 cxd4 4. Nxd4 e5 5. Nb5 d6 6. c4 Be7 7. N5c3 Be6 8. Be2 Bg5 9. Na3 Bxc1 10. Rxc1 Nf6 11. O-O O-O 12. Qd2 Rc8 13. Nc2 a6 14. Rfd1 Qb6 15. Rb1 Rfd8 16. b4 Qa7 17. a4 h6 18. a5 Ne7 19. Qe3 Qxe3 20. Nxe3 Nc6 21. Bd3 Nd4 22. Rd2 Kf8 23. f3 g6 24. h4 g5 25. hxg5 hxg5 26. Ne2 g4 27. Nxd4 exd4 28. Nd5 Bxd5 29. exd5 gxf3 30. gxf3 Re8 31. Kf2 Re5 32. Bf1 Rh5 33. Rxd4 Nd7 34. f4 Nf6 35. Kg3 Kg7 36. Re1 Rg8 37. Kf3 Rh2 38. c5 dxc5 39. bxc5 Rd8 40. d6 Nd7 41. c6 bxc6 42. Bxa6 Rh3+ 43. Kg2 Ra3 44. Bc4 Rxa5 45. Re7 Rf5 46. Be6 c5 47. Bxf5 cxd4 48. Rxd7 Rb8 49. Be6 Kf6 50. Bc4 Rb4 51. Rxf7+ Kg6 52. Rc7 1-0


[Site "https://www.chess.com"]

[Event "Titled Tuesday Blitz January 03 Early 2023"]
[White "Lashkin, Jegor"]
[Black "Dourerassou, Jonathan"]
[WhiteFideId "13907808"]
[BlackFideId "628050"]
[WhiteElo "2416"]
[BlackElo "2414"]
[Result "0-1"]
[Round "04"]
[TimeControl "180+2"]
[Date "2023.01.03"]
[WhiteClock "0:00:06"]
[BlackClock "0:00:36"]

1. c4 Nf6 2. Nf3 g6 3. Nc3 Bg7 4. e4 d6 5. d4 O-O 6. Be2 Nbd7 7. O-O a6 8. Be3 c5 9. h3 cxd4 10. Nxd4 Nc5 11. Qc2 Bd7 12. Rfd1 Rc8 13. Rac1 Qa5 14. a3 Qc7 15. b4 Ne6 16. Qd2 Nxd4 17. Bxd4 Be6 18. Nd5 Bxd5 19. exd5 Qd7 20. Bf3 Qa4 21. Qd3 Nd7 22. Bxg7 Kxg7 23. Qd4+ Nf6 24. Rd3 Rc7 25. Qe3 Rfc8 26. c5 a5 27. Rd4 axb4 28. axb4 Qb5 29. Rdc4 Nd7 30. Bg4 Ne5 31. Bxc8 Nxc4 32. Qc3+ Ne5 33. f4 Rxc8 34. fxe5 dxc5 35. bxc5 b6 36. c6 Qxd5 37. c7 b5 38. Qe3 b4 39. Qb6 Qxe5 40. Qb7 Qe3+ 41. Kh2 Qf4+ 42. g3 Qd2+ 0-1


[Site "https://www.chess.com"]

[Event "Titled Tuesday Blitz January 03 Early 2023"]
[White "Galchenko, Matvey"]
[Black "Sychev, Klementy"]
[WhiteFideId "24175480"]
[BlackFideId "4114060"]
[WhiteElo "2438"]
[BlackElo "2547"]
[Result "1-0"]
[Round "04"]
[TimeControl "180+2"]
[Date "2023.01.03"]
[WhiteClock "0:00:05"]
[BlackClock "0:00:03"]

1. f4 d5 2. Nf3 Nf6 3. g3 g6 4. Bg2 Bg7 5. O-O O-O 6. d3 c5 7. Nc3 Nc6 8. e4 d4 9. Na4 b6 10. c4 dxc3 11. Nxc3 Ba6 12. Qa4 Na5 13. Rd1 Rc8 14. h3 Qe8 15. Qxe8 Rfxe8 16. e5 Nd7 17. d4 cxd4 18. Nxd4 Red8 19. Nd5 Kf8 20. b3 e6 21. Ba3+ Ke8 22. Ne7 Rc3 23. Nec6 Nxc6 24. Nxc6 Rc8 25. Rac1 Rxc1 26. Rxc1 Bf8 27. Nxa7 Bxa3 28. Rxc8+ Bxc8 29. Nxc8 g5 30. Bc6 Kd8 31. Bxd7 Kxd7 32. Nxb6+ Kc6 33. Nc4 Bc1 34. fxg5 Bxg5 35. Kf2 Kd5 36. Kf3 Kd4 37. Kg4 Bc1 38. Kh5 Kd5 39. h4 Kd4 40. g4 Kd5 41. g5 Kd4 42. Kh6 1-0


[Site "https://www.chess.com"]

[Event "Titled Tuesday Blitz January 03 Early 2023"]
[White "Madaminov, Mukhiddin"]
[Black "Tatarinov, Dmitry"]
[WhiteFideId "14210703"]
[BlackFideId "24160067"]
[WhiteElo "2422"]
[BlackElo "2310"]
[Result "1-0"]
[Round "04"]
[TimeControl "180+2"]
[Date "2023.01.03"]
[WhiteClock "0:01:59"]
[BlackClock "0:01:53"]

1. d4 Nf6 2. Nc3 d5 3. Bf4 a6 4. e3 Bf5 5. f3 h5 6. Bd3 Bxd3 7. Qxd3 e6 8. Nge2 c5 9. O-O-O Nc6 10. e4 dxe4 11. Nxe4 cxd4 12. Nxd4 Nxd4 13. Qxd4 Qxd4 14. Rxd4 Nxe4 15. Rxe4 O-O-O 16. Rc4+ Kd7 17. Rc7+ Ke8 18. Rxb7 Be7 19. Rd1 g5 20. Be5 Rg8 21. c4 g4 22. f4 g3 23. h3 f6 24. Rxd8+ Bxd8 25. Bd6 e5 26. fxe5 fxe5 27. Bxe5 h4 28. Rb8 Ke7 29. Bc7 1-0


[Site "https://www.chess.com"]

[Event "Titled Tuesday Blitz January 03 Early 2023"]
[White "Boros, Denes"]
[Black "Leiva, Gianmarco"]
[WhiteFideId "722340"]
[BlackFideId "3804399"]
[WhiteElo "2406"]
[BlackElo "2392"]
[Result "1-0"]
[Round "04"]
[TimeControl "180+2"]
[Date "2023.01.03"]
[WhiteClock "0:00:19"]
[BlackClock "0:00:01"]

1. e4 c5 2. Nf3 d6 3. g3 g6 4. Bg2 Bg7 5. O-O Nc6 6. Re1 Nf6 7. a3 O-O 8. c3 Bg4 9. h3 Bxf3 10. Bxf3 Rb8 11. d3 b5 12. Bf4 a5 13. Nd2 Nd7 14. Qc2 Qc7 15. h4 h6 16. Nf1 b4 17. Ne3 Rb7 18. Nd5 Qb8 19. axb4 axb4 20. Qc1 Kh7 21. Bd2 Rc8 22. Be2 e6 23. Ne3 Qc7 24. Nc4 Rcb8 25. Ra6 Nde5 26. Nxe5 Bxe5 27. Ra2 Bg7 28. Bf4 bxc3 29. bxc3 Qd7 30. Kg2 Rb3 31. Bd2 R8b6 32. Bd1 R3b5 33. Ba4 Rb1 34. Qxb1 Rxb1 35. Rxb1 Qc7 36. Rab2 Ne5 37. Bc2 c4 38. Rb7 Qc6 39. R1b6 Qc8 40. d4 Nd7 41. Rb2 Qc6 42. R2b4 f5 43. f3 fxe4 44. fxe4 Nf6 45. R4b6 Qc8 46. h5 Nxh5 47. Bc1 Nf6 48. Bf4 e5 49. dxe5 dxe5 50. Bxe5 Qe8 51. Bxf6 1-0


[Site "https://www.chess.com"]

[Event "Titled Tuesday Blitz January 03 Early 2023"]
[White "Alfaro, William"]
[Black "Tan, Zhongyi"]
[WhiteFideId "6100457"]
[BlackFideId "8603642"]
[WhiteElo "2134"]
[BlackElo "2517"]
[Result "0-1"]
[Round "04"]
[TimeControl "180+2"]
[Date "2023.01.03"]
[WhiteClock "0:01:02"]
[BlackClock "0:01:27"]

1. Nf3 d5 2. g3 Nf6 3. Bg2 c5 4. O-O h6 5. d3 Nc6 6. Nbd2 e5 7. e4 Be7 8. exd5 Nxd5 9. Re1 f6 10. a3 O-O 11. Nc4 Bg4 12. h3 Bh5 13. Qd2 Qd7 14. Kh2 Rad8 15. Ne3 Nc7 16. b3 b6 17. g4 Bf7 18. Nf5 Rfe8 19. Qe3 Nd5 20. Qe2 Bf8 21. Bd2 Be6 22. Ng3 Nf4 23. Bxf4 exf4 24. Nh5 Bxg4 25. Qd2 Bxh5 26. Qxf4 Bd6 0-1


[Site "https://www.chess.com"]

[Event "Titled Tuesday Blitz January 03 Early 2023"]
[White "Nakamura, Hikaru"]
[Black "Salimova, Nurgyul"]
[WhiteFideId "2016192"]
[BlackFideId "2915138"]
[WhiteElo "2775"]
[BlackElo "2391"]
[Result "1-0"]
[Round "04"]
[TimeControl "180+2"]
[Date "2023.01.03"]
[WhiteClock "0:01:00"]
[BlackClock "0:00:02"]

1. g3 d5 2. Bg2 Nf6 3. d3 c6 4. Nd2 g6 5. e4 dxe4 6. dxe4 Bg7 7. Ngf3 O-O 8. O-O Na6 9. e5 Nd5 10. a3 Nc5 11. Qe2 Bf5 12. Nb1 Qc8 13. Nd4 Bh3 14. c4 Bxg2 15. Kxg2 Nb6 16. f4 Rd8 17. Be3 f6 18. Nd2 fxe5 19. fxe5 Bxe5 20. N4f3 Bxb2 21. Bxc5 Bxa1 22. Rxa1 Qf5 23. Bf2 Rd3 24. Nd4 Rxd2 25. Qxd2 Qe4+ 26. Kg1 Nxc4 27. Qc3 Ne5 28. Qb3+ Qd5 29. Qxd5+ cxd5 30. Re1 Nc4 31. Rxe7 Nxa3 32. Ne6 Nb5 33. Rg7+ Kh8 34. Rxb7 Re8 35. Rxb5 Rxe6 36. Bxa7 Rd6 37. Bd4+ Kg8 38. Rb8+ Kf7 39. Rb7+ Ke6 40. Rb6 Rxb6 41. Bxb6 Ke5 42. Kf2 Ke4 43. Be3 d4 44. Bh6 d3 45. Bd2 h5 46. h3 Kd4 47. Kf3 1-0


[Site "https://www.chess.com"]

[Event "Titled Tuesday Blitz January 03 Early 2023"]
[White "Deac, Bogdan-Daniel"]
[Black "Atakhan, Abtin"]
[WhiteFideId "1226380"]
[BlackFideId "22502203"]
[WhiteElo "2700"]
[BlackElo "2422"]
[Result "1-0"]
[Round "04"]
[TimeControl "180+2"]
[Date "2023.01.03"]
[WhiteClock "0:01:44"]
[BlackClock "0:00:33"]

1. b3 Nf6 2. Bb2 g6 3. g3 Bg7 4. Bg2 O-O 5. Nf3 d6 6. d4 c6 7. O-O a5 8. c4 a4 9. b4 Bf5 10. a3 Qc8 11. Nc3 Ne4 12. Nxa4 Nd7 13. Nh4 Nef6 14. Nxf5 gxf5 15. Qc2 b5 16. cxb5 cxb5 17. Nc3 Rb8 18. Qxf5 e6 19. Qd3 Nb6 20. e4 Nc4 21. Bc1 Nd7 22. Rd1 Qc7 23. Ra2 Rfc8 24. Rc2 Qb6 25. Bf1 e5 26. Bh3 Rd8 27. Bg5 Bf6 28. Nd5 1-0


[Site "https://www.chess.com"]

[Event "Titled Tuesday Blitz January 03 Early 2023"]
[White "Fedoseev, Vladimir"]
[Black "Aloma Vidal, Robert"]
[WhiteFideId "24130737"]
[BlackFideId "2260409"]
[WhiteElo "2680"]
[BlackElo "2442"]
[Result "1-0"]
[Round "04"]
[TimeControl "180+2"]
[Date "2023.01.03"]
[WhiteClock "0:00:46"]
[BlackClock "0:00:01"]

1. d4 d5 2. c4 c6 3. Nf3 Nf6 4. e3 e6 5. Nbd2 Nbd7 6. b3 b6 7. Bb2 Bb7 8. g3 g6 9. Bg2 Bg7 10. O-O O-O 11. Qc2 Rc8 12. Rac1 Re8 13. b4 c5 14. dxc5 bxc5 15. bxc5 Nxc5 16. Bd4 dxc4 17. Nxc4 Be4 18. Qc3 Nd5 19. Qa3 Bxd4 20. Nxd4 Bxg2 21. Kxg2 Qe7 22. Rfd1 Ne4 23. Qxe7 Rxe7 24. Nb5 Kg7 25. Na5 Rxc1 26. Rxc1 Rd7 27. Rc2 Nd6 28. Nd4 Nf5 29. Nxf5+ gxf5 30. a3 Rc7 31. Rxc7 Nxc7 32. Nc6 a6 33. a4 Kf6 34. f4 Nd5 35. Kf3 Nc3 36. a5 Nd5 37. Ke2 Kg7 38. Kd3 Kf8 39. Kd4 Ke8 40. Nb8 Nb4 41. Kc5 Nc2 42. Nxa6 Kd7 43. Nb8+ Kc8 44. Nc6 1-0


[Site "https://www.chess.com"]

[Event "Titled Tuesday Blitz January 03 Early 2023"]
[White "Ginzburg, Yakov"]
[Black "Bortnyk, Olexandr"]
[WhiteFideId "4157176"]
[BlackFideId "14120828"]
[WhiteElo "2405"]
[BlackElo "2605"]
[Result "0-1"]
[Round "04"]
[TimeControl "180+2"]
[Date "2023.01.03"]
[WhiteClock "0:00:06"]
[BlackClock "0:01:07"]

1. e4 Nf6 2. Nc3 d5 3. e5 Nfd7 4. d4 c5 5. Nxd5 cxd4 6. e6 Qa5+ 7. c3 Qxd5 8. exd7+ Bxd7 9. cxd4 e5 10. Nf3 e4 11. Ne5 Bb4+ 12. Bd2 Qxd4 13. Nxd7 Nxd7 14. Bxb4 Qxb4+ 15. Qd2 Qxd2+ 16. Kxd2 Ke7 17. Ke3 f5 18. Be2 Rac8 19. Rac1 Nf6 20. Kf4 g6 21. h4 Nd5+ 22. Ke5 Nb4 23. a3 Nc6+ 24. Kf4 Nd4 25. Bc4 Kf6 26. g4 fxg4 27. Kxe4 Rhd8 28. Kf4 h5 29. Rhe1 b5 30. Ba2 Rxc1 0-1


[Site "https://www.chess.com"]

[Event "Titled Tuesday Blitz January 03 Early 2023"]
[White "Pranav, V"]
[Black "Malek, Jan"]
[WhiteFideId "25060783"]
[BlackFideId "21864080"]
[WhiteElo "2597"]
[BlackElo "2370"]
[Result "1-0"]
[Round "04"]
[TimeControl "180+2"]
[Date "2023.01.03"]
[WhiteClock "0:01:56"]
[BlackClock "0:00:02"]

1. d4 d5 2. Bf4 Nc6 3. e3 Bf5 4. Nf3 e6 5. Nbd2 Bd6 6. Bg3 Nf6 7. Bb5 O-O 8. O-O Ne7 9. Bd3 Bxd3 10. cxd3 Nf5 11. Rc1 c6 12. Bxd6 Qxd6 13. Re1 Rfd8 14. Qb3 Rab8 15. Qa4 a6 16. e4 dxe4 17. dxe4 b5 18. Qa5 Nxd4 19. e5 Nxf3+ 20. Nxf3 Qd5 21. exf6 gxf6 22. h3 c5 23. Qxa6 c4 24. a3 Qc5 25. Qa5 Rd3 26. Rc3 Rbd8 27. Rxd3 Rxd3 28. Qa8+ Kg7 29. Qe4 Qd6 30. a4 Qb4 31. axb5 Qxb5 32. Qg4+ Kf8 33. Ra1 Qxb2 34. Ra8+ Ke7 35. Qxc4 Rd1+ 36. Kh2 Qb6 37. Qc8 Qd6+ 38. g3 f5 39. Qe8+ Kf6 40. Ra7 1-0


[Site "https://www.chess.com"]

[Event "Titled Tuesday Blitz January 03 Early 2023"]
[White "Lazavik, Denis"]
[Black "Jakubowski, Krzysztof"]
[WhiteFideId "13515110"]
[BlackFideId "1112848"]
[WhiteElo "2544"]
[BlackElo "2486"]
[Result "1-0"]
[Round "04"]
[TimeControl "180+2"]
[Date "2023.01.03"]
[WhiteClock "0:00:31"]
[BlackClock "0:01:25"]

1. d4 Nf6 2. c4 e6 3. Nf3 Bb4+ 4. Bd2 a5 5. g3 d6 6. Bg2 Nbd7 7. O-O e5 8. Bc1 exd4 9. Nxd4 O-O 10. b3 Re8 11. Bb2 c6 12. Nc3 Bc5 13. e3 Ne5 14. Qd2 h5 15. h3 h4 16. g4 Nexg4 17. hxg4 Bxg4 18. f3 Bd7 19. Rae1 h3 20. Bh1 Re5 21. f4 Rh5 22. Bf3 Rh6 23. Kh1 Qe7 24. Rg1 Re8 25. Rg5 Nh7 26. Rg3 Qh4 27. Reg1 Rg6 28. Rxg6 fxg6 29. Ne4 Bb4 30. Bc3 d5 31. cxd5 cxd5 32. Ng5 Nxg5 33. Rxg5 Bxc3 34. Qxc3 Qf2 35. Bxd5+ Kh7 36. Qc2 1-0


[Site "https://www.chess.com"]

[Event "Titled Tuesday Blitz January 03 Early 2023"]
[White "Karttunen, Mika"]
[Black "Narayanan.S.L"]
[WhiteFideId "502081"]
[BlackFideId "5058422"]
[WhiteElo "2490"]
[BlackElo "2660"]
[Result "0-1"]
[Round "04"]
[TimeControl "180+2"]
[Date "2023.01.03"]
[WhiteClock "0:00:02"]
[BlackClock "0:00:41"]

1. d4 Nf6 2. c4 g6 3. f3 Bg7 4. e4 d6 5. Be3 O-O 6. Nc3 c5 7. Nge2 Nc6 8. d5 Na5 9. Ng3 a6 10. a4 Nd7 11. Qc2 h5 12. Bd3 Ne5 13. Nd1 h4 14. Ne2 h3 15. O-O hxg2 16. Kxg2 e6 17. f4 Ng4 18. Bg1 exd5 19. exd5 Qh4 20. Rf3 Re8 21. h3 Nh6 22. Bf2 Qd8 23. Ne3 f5 24. Rg1 Qb6 25. Nd1 Nf7 26. Kf1 Nh8 27. h4 Qb3 28. Qc1 Qb4 29. h5 Nb3 30. Qc2 Nd2+ 31. Kg2 Nxf3 32. Kxf3 Bd7 33. hxg6 Bxa4 34. Qc1 Re4 35. Bxe4 fxe4+ 36. Kxe4 b5 37. Ne3 bxc4 38. Qxc4 Bc2+ 39. Kf3 Bxg6 40. Qxb4 cxb4 41. Ng3 Nf7 42. f5 Ne5+ 43. Ke2 Be8 44. f6 Bxf6 45. Nh5+ Kf7 46. Nxf6 Kxf6 47. Bh4+ Kf7 48. Nf5 Bb5+ 49. Ke3 Rh8 50. Rg7+ Kf8 51. Be7+ Ke8 52. Nxd6+ Kd7 53. Nxb5 axb5 54. Bxb4+ Kc8 55. Bc3 Nd7 56. Rg3 Rh4 57. d6 Kb7 58. Ba5 Kc6 59. Bc7 b4 60. Kd2 Nc5 61. Rg5 Ne4+ 0-1


[Site "https://www.chess.com"]

[Event "Titled Tuesday Blitz January 03 Early 2023"]
[White "Oparin, Grigoriy"]
[Black "Sargsyan, Anna M."]
[WhiteFideId "24125890"]
[BlackFideId "13308130"]
[WhiteElo "2667"]
[BlackElo "2375"]
[Result "1-0"]
[Round "04"]
[TimeControl "180+2"]
[Date "2023.01.03"]
[WhiteClock "0:00:46"]
[BlackClock "0:00:32"]

1. g3 d5 2. Bg2 Nf6 3. Nf3 g6 4. c4 Bg7 5. cxd5 Nxd5 6. O-O O-O 7. d4 Nc6 8. Nc3 Nxc3 9. bxc3 e5 10. e3 Be6 11. Bb2 exd4 12. cxd4 Bd5 13. Qe2 Re8 14. Rfd1 Na5 15. Rdc1 c6 16. Ba3 b5 17. Bc5 Nc4 18. Nd2 Bxg2 19. Kxg2 Bxd4 20. Bxd4 Qxd4 21. Nxc4 bxc4 22. Qxc4 Qxc4 23. Rxc4 Re6 24. Rac1 Rc8 25. g4 Kf8 26. h4 Ke7 27. Kg3 Kd7 28. Rc5 Rb8 29. Ra5 Rb7 30. h5 Kc7 31. h6 Kb6 32. Ra3 Kc7 33. Rc5 Rd6 34. Re5 Kd7 35. Rea5 Rd1 36. Rxa7 Kc7 37. Ra8 Rh1 38. g5 Rb4 39. f4 Rg1+ 40. Kf2 Rbb1 41. R8a7+ Kb6 42. Rxf7 Rgf1+ 43. Ke2 Rbe1+ 44. Kd3 1-0


[Site "https://www.chess.com"]

[Event "Titled Tuesday Blitz January 03 Early 2023"]
[White "Bortnyk, Mykola"]
[Black "djokovic74"]
[WhiteFideId "14120836"]
[WhiteElo "2425"]
[BlackElo "2575"]
[Result "1-0"]
[Round "04"]
[TimeControl "180+2"]
[Date "2023.01.03"]
[WhiteClock "0:01:20"]
[BlackClock "0:00:27"]

1. e4 e6 2. Qe2 c5 3. b3 Nc6 4. Bb2 d6 5. g3 Nf6 6. Bg2 Be7 7. Nh3 Qc7 8. Nf4 Bd7 9. O-O O-O-O 10. a4 h5 11. Na3 Ne5 12. Nb5 Bxb5 13. axb5 Kb8 14. d4 cxd4 15. Bxd4 b6 16. Ra6 g5 17. Rfa1 gxf4 18. Bxb6 Qb7 19. Bxa7+ Kc8 20. Bb6 f3 21. Bxf3 Nxf3+ 22. Qxf3 Qxe4 23. Qc3+ Kd7 24. Qc6+ Qxc6 25. bxc6+ Ke8 26. Bxd8 Bxd8 27. Ra8 Nd5 28. Rxd8+ Kxd8 29. Ra8+ Kc7 30. Rxh8 Kxc6 31. Rxh5 Nb4 32. c3 Na2 33. Rh8 Kb7 34. c4 Nc1 35. h4 Nxb3 36. h5 d5 37. cxd5 exd5 38. h6 d4 39. h7 d3 40. Rd8 d2 41. h8=Q 1-0


[Site "https://www.chess.com"]